 Dungeon Crawl Stone Soup version 0.19-a0-1183-gcd7e582 (webtiles) character file.

1143 Killer1 the Protected (level 8, -1/70 HPs)
             Began as a Minotaur Berserker on Aug 17, 2016.
             Was a Priest of Trog.
             Slain by an orc warrior
             ... wielding a +0 flail of crushing
              (15 damage)
             ... on level 6 of the Dungeon.
             The game lasted 00:21:36 (4282 turns).

Killer1 the Protected (Minotaur Berserker)          Turns: 4282, Time: 00:21:37

Health: -1/70      AC: 12    Str: 23    XL:     8   Next: 15%
Magic:  7/7        EV: 10    Int:  4    God:    Trog [***...]
Gold:   282        SH:  0    Dex: 11    Spells: 0 memorised, 7 levels left

rFire  . . .     SeeInvis .     w - +0 glaive
rCold  . . .     Gourm    .     m - +0 chain mail
rNeg   . . .     Faith    .     (shield currently unavailable)
rPois  .         Spirit   .     (helmet restricted)
rElec  .         Dismiss  .     (no cloak)
rCorr  .         Reflect  .     l - +0 pair of gloves
MR     .....     Harm     .     (no boots)
Stlth  ..........               (no amulet)
                                (no ring)
                                (no ring)

@: no status effects
A: retaliatory headbutt, horns 2
a: Berserk, Trog's Hand, Burn Spellbooks, Renounce Religion


You were on level 6 of the Dungeon.
You worshipped Trog.
Trog was most pleased with you.
You were near starving.

You visited 1 branch of the dungeon, and saw 6 of its levels.

You collected 282 gold pieces.

Inventory:

Hand Weapons
 p - a +0 hand crossbow of velocity
 w - a +0 glaive (weapon)
Missiles
 u - 27 bolts
Armour
 l - a +0 pair of gloves (worn)
 m - a +0 chain mail (worn)
Wands
 t - a wand of paralysis (13/24)
Scrolls
 d - a scroll of enchant armour
 e - a scroll of blinking
 k - 3 scrolls of identify
 q - a scroll of fog {unknown}
 r - a scroll of magic mapping
 s - 2 scrolls of teleportation
Potions
 a - a potion of might {unknown}
 b - a potion of mutation
 g - 2 potions of flight {unknown}
 h - a potion of agility
Books
 j - a book of Frost

   Spells                             Type                      Level
   a - Freeze                         Ice                          1
   b - Throw Frost                    Conjuration/Ice              2
   c - Ozocubu's Armour               Charms/Ice                   3
   d - Throw Icicle                   Conjuration/Ice              4
   e - Summon Ice Beast               Ice/Summoning                4
   Trog disapproves of the use of such an item.
 v - a book of the Tempests

   Spells                             Type                      Level
   a - Static Discharge               Conjuration/Air              3
   b - Lightning Bolt                 Conjuration/Air              5
   c - Fireball                       Conjuration/Fire             5
   d - Tornado                        Air                          9
   e - Shatter                        Earth                        9
   Trog disapproves of the use of such an item.
Comestibles
 c - a bread ration
 f - a meat ration
 n - a slice of pizza
 o - 5 fruits


   Skills:
 + Level 5.9 Fighting
 + Level 6.4 Polearms
 * Level 8.0 Armour
 + Level 4.8 Dodging
 + Level 0.5 Stealth


You had 7 spell levels left.
You didn't know any spells.

Dungeon Overview and Level Annotations

Branches:
Dungeon (6/15)
 Temple: D:4-7

Altars:
Ashenzari
Cheibriados
Dithmenos
Fedhas
Kikubaaqudgha
Nemelex Xobeh
Yredelemnul
Zin
The Shining One


Innate Abilities, Weirdness & Mutations

You reflexively headbutt those who attack you in melee.
You have a pair of horns on your head.


Message History

The orc warrior closely misses you.
The orc warrior hits you but does no damage.
You open the door.
The orc warrior hits you with a flail of crushing.
* * * LOW HITPOINT WARNING * * *
x2
There is an open door here.
You open the door. The orc warrior barely misses you. You furiously retaliate!
You headbutt the orc warrior, but do no damage.
There is an open door here.
The orc warrior hits you but does no damage. 3 gnolls and a gnoll sergeant come into view.
The gnoll sergeant shouts!
The gnoll shouts! x3
The gnoll barely misses you.
A gnoll comes into view. It is wielding a spear.
The orc warrior barely misses you.
A gnoll comes into view. It is wielding a club.
You closely miss the orc warrior.
The orc warrior is moderately wounded.
The orc warrior hits you with a flail of crushing!
You die...

######## #......#
#.####.#
###.###.####.#
ggg.g...g..#.######.
###.###.##.#........
#.##.g..#####.
#..g.g.o@#
####....## #....#
###.## #.# ##g## #
##...## #.##.....##
#.#.......##


You could see an orc warrior, a gnoll sergeant and 4 gnolls.

Vanquished Creatures
  A phantom (D:4)
  4 ogres
  A centaur (D:4)
  2 scorpions (D:5)
  A howler monkey (D:4)
  A crimson imp (D:5)
  2 hounds (D:4)
  An iguana (D:4)
  4 orc wizards (D:4)
  2 worker ants
  A hound zombie (D:5)
  A howler monkey zombie (D:6)
  3 gnolls (D:2)
  6 adders
  A shadow imp (D:5)
  4 oozes
  A worm (D:2)
  A dart slug (D:1)
  A giant gecko (D:1)
  16 orcs
  4 bats
  2 giant cockroaches
  7 goblins
  4 hobgoblins (D:1)
  7 kobolds
  A quokka (D:2)
  A ball python skeleton (D:4)
  6 giant newts
  A jackal skeleton (D:5)
  6 rats
93 creatures vanquished.

Notes
Turn   | Place    | Note
-------+----------+-------------------------------------------
     0 | D:1      | Killer1 the Minotaur Berserker began the quest for the Orb.
     0 | D:1      | Reached XP level 1. HP: 19/19 MP: 0/0
   311 | D:1      | Reached XP level 2. HP: 20/27 MP: 1/1
   994 | D:2      | Reached XP level 3. HP: 28/33 MP: 2/2
  1043 | D:2      | Found a snail-covered altar of Cheibriados.
  1054 | D:2      | Reached skill level 3 in Armour
  1163 | D:2      | Reached XP level 4. HP: 28/41 MP: 3/3
  1168 | D:2      | Reached ** piety under Trog
  1995 | D:3      | Found a sparkling altar of Nemelex Xobeh.
  2143 | D:3      | Reached XP level 5. HP: 46/47 MP: 4/4
  2253 | D:4      | Reached skill level 5 in Fighting
  2253 | D:4      | Reached skill level 4 in Armour
  2464 | D:4      | Noticed a centaur
  2475 | D:4      | Killed a centaur
  2475 | D:4      | Reached skill level 5 in Polearms
  2475 | D:4      | Reached XP level 6. HP: 25/56 MP: 5/5
  2624 | D:4      | Reached skill level 5 in Armour
  2744 | D:4      | Reached XP level 7. HP: 56/61 MP: 6/6
  2764 | D:4      | Reached *** piety under Trog
  2764 | D:4      | Reached skill level 6 in Armour
  2922 | D:4      | Found a sand-covered staircase.
  3102 | D:4      | Reached skill level 7 in Armour
  3346 | D:5      | Entered Level 5 of the Dungeon
  3354 | D:5      | Found a glowing golden altar of the Shining One.
  3471 | D:5      | Found a shadowy altar of Dithmenos.
  3537 | D:5      | Found a blossoming altar of Fedhas.
  3539 | D:5      | Found an ancient bone altar of Kikubaaqudgha.
  3791 | D:5      | Found a basalt altar of Yredelemnul.
  3818 | D:5      | Found a shattered altar of Ashenzari.
  3833 | D:5      | Reached XP level 8. HP: 70/70 MP: 7/7
  3865 | D:5      | Found a glowing silver altar of Zin.
  4155 | D:6      | Reached skill level 8 in Armour
  4282 | D:6      | Slain by an orc warrior

Vault maps used:
D:1:      erik_arrival_triangle_medium
D:2:      cheibriados_altar_1, minmay_misc_feat_pillars, kennysheep_nub,
          kennysheep_generic_room_3
D:3:      nemelex_xobeh_ov_fountains_minmay, first_bread,
          kennysheep_generic_room_7
D:4:      enter_ossuary_3
D:5:      grunt_temple_overflow_growth_and_decay, zin_statuary,
          lemuel_crystal_altar, old_standard_altar,
          nicolae_dithmenos_through_a_glass_darkly, tso_altar
D:6:      nicolae_overflow_hidden_temple, kennysheep_potato

Skill      XL: |  1  2  3  4  5  6  7  8 |
---------------+-------------------------+-----
Fighting       | 4 5 |  5.9
Polearms       | 4 5 6 |  6.4
Armour         | 3 4 5 7 8 |  8.0
Dodging        | 3 4 |  4.8
Stealth        | |  0.5

Action                   |  1- 3 |  4- 6 |  7- 9 || total
-------------------------+-------+-------+-------++-------
Melee: Spear             |    76 |    21 |       ||    97
       Headbutt          |     4 |    12 |    20 ||    36
       Trident           |       |   123 |    93 ||   216
       Glaive            |       |       |    16 ||    16
 Fire: Hand crossbow     |       |     1 |       ||     1
Invok: Trog's Hand       |       |     1 |       ||     1
  Use: Scroll            |     7 |     3 |     1 ||    11
       Potion            |       |     7 |     2 ||     9
 Stab: Sleeping          |     1 |       |       ||     1
  Eat: Meat ration       |       |     1 |       ||     1
       Bread ration      |       |       |     1 ||     1
Armor: Animal skin       |     3 |       |       ||     3
       Ring mail         |    13 |     4 |       ||    17
       Chain mail        |       |    45 |    33 ||    78
       Skin              |       |    24 |       ||    24
Dodge: Dodged            |    34 |    60 |    55 ||   149
